 Dungeon Crawl Stone Soup version 0.22-a0-248-gc8378ba (webtiles) character file.

722 sankara the Basher (level 7, -1/57 HPs)
             Began as a Hill Orc Fighter on Feb 28, 2018.
             Slain by Dowan
             ... wielding a +0 dagger
              (3 damage)
             ... on level 4 of the Dungeon.
             The game lasted 00:16:48 (4613 turns).

sankara the Basher (Hill Orc Fighter)               Turns: 4613, Time: 00:16:49

Health: -1/57      AC:  8    Str: 19    XL:     7   Next: 71%
Magic:  7/7        EV:  7    Int: 10    God:
Gold:   329        SH:  9    Dex: 10    Spells: 6/6 levels left

rFire    . . .     SeeInvis .   a - +0 whip
rCold    . . .     Gourm    +   c - +0 shield
rNeg     . . .     Faith    .   v - +0 scale mail
rPois    .         Spirit   .   (no helmet)
rElec    .         Reflect  .   (no cloak)
rCorr    .         Harm     .   (no gloves)
MR       .....                  m - +0 pair of boots
Stlth    ..........             x - amulet of the gourmand {Gourm, !d}
HPRegen  0.19/turn              (no ring)
MPRegen  0.10/turn              (no ring)

@: no status effects
A: hooves 1, sense surroundings 1, MP-powered wands
a: no special abilities


You were on level 4 of the Dungeon.
You were full.

You visited 2 branches of the dungeon, and saw 5 of its levels.

You collected 329 gold pieces.

Inventory:

Hand Weapons
 a - a +0 whip (weapon)
   (You found it on level 3 of the Dungeon)
 b - a +0 hunting sling
   (You found it on level 3 of the Dungeon)
 d - a +0 blowgun
   (You took it off a kobold on level 3 of the Dungeon)
Missiles
 g - 6 tomahawks (quivered)
 n - 130 stones
 o - 24 sling bullets
Armour
 c - a +0 shield (worn)
 m - a +0 pair of boots (worn)
   (You found it on level 1 of the Dungeon)
 v - a +0 scale mail (worn)
Jewellery
 r - an uncursed ring of fire {rF+, rC-}
   (You found it on level 4 of the Dungeon)
 t - an uncursed ring of teleportation {+/*tele, !d}
   (You found it on level 2 of the Dungeon)
 x - an amulet of the gourmand (around neck) {Gourm, !d}
   (You found it on level 4 of the Dungeon)
Wands
 l - a wand of random effects (30)
   (You found it on level 4 of the Dungeon)
Scrolls
 e - a scroll of enchant weapon {unknown}
 h - 4 scrolls of teleportation
 j - a scroll of enchant armour {unknown}
 k - a scroll of remove curse
 p - a scroll of noise {unknown}
 q - 3 scrolls of identify
 s - 2 scrolls of amnesia
Potions
 i - 4 potions of agility
 u - a potion of haste
Comestibles
 f - 9 rations


   Skills:
 - Level 3.6 Fighting
 + Level 9.3 Maces & Flails
 - Level 3.2 Armour
 - Level 3.2 Shields


You had 6 spell levels left.
You didn't know any spells.

Dungeon Overview and Level Annotations

Branches:
Dungeon (4/15)             Temple (1/1) D:4

Altars:
Ashenzari
Cheibriados
Dithmenos
Fedhas
Gozag
Nemelex Xobeh
Okawaru
Ru
Sif Muna
Trog
Uskayaw
Vehumet
Wu Jian
Xom
Yredelemnul
Zin
The Shining One

Annotations:
D:4 Dowan


Innate Abilities, Weirdness & Mutations

You have large cloven feet.
You passively map a small area around you.
You expend magic power (3 MP) to strengthen your wands.


Message History

Duvessa hits you but does no damage.
You hit Duvessa.
Duvessa is severely wounded.
You hit Duvessa but do no damage.
Duvessa is severely wounded.
Duvessa hits you with a short sword!
Dowan mumbles some strange words.
Dowan blinks!
Your shield and scale mail prevent you from hitting Duvessa.
Duvessa is severely wounded.
You block Duvessa's attack.
You whack Duvessa!
Duvessa is almost dead.
You closely miss Duvessa.
Duvessa is almost dead.
You block Duvessa's attack. Dowan hits you but does no damage.
You hit Duvessa but do no damage.
Duvessa is almost dead.
Duvessa hits you with a short sword.
Your shield and scale mail prevent you from hitting Duvessa.
Duvessa is almost dead.
Dowan hits you but does no damage.
You hit Duvessa.
Duvessa is almost dead.
You block Duvessa's attack. You block Dowan's attack.
You closely miss Duvessa.
Duvessa is almost dead.
Duvessa hits you but does no damage.
You hit Duvessa.
Duvessa is almost dead.
Dowan hits you but does no damage. Duvessa barely misses you.
Your shield and scale mail prevent you from hitting Duvessa.
Duvessa is almost dead.
Dowan casts a spell at you. The puff of frost hits you!
You completely miss Duvessa.
Duvessa is almost dead.
Duvessa hits you with a short sword! Dowan hits you but does no damage.
You hit Duvessa but do no damage.
Duvessa is almost dead.
You block Duvessa's attack.
You hit Duvessa but do no damage.
Duvessa is almost dead.
Dowan completely misses you. Duvessa hits you but does no damage.
You hit Duvessa.
Duvessa is almost dead.
Dowan barely misses you.
Your shield and scale mail prevent you from hitting Duvessa.
Duvessa is almost dead.
Duvessa closely misses you.
You hit Duvessa.
You kill Duvessa!
Dowan screams, "No!
No!"
Dowan seems to find hidden reserves of power!
Your Maces & Flails skill increases to level 9!
Dowan hits you but does no damage. Dowan hits you with a dagger.
* * * LOW HITPOINT WARNING * * *
Things that are here:
a short sword; a ring mail; a sling bullet Dowan gestures at you while chanting.
The stone arrow hits you!
* * * LOW HITPOINT WARNING * * *
Dowan casts a spell.
Dowan blinks!
You see here 2 sling bullets.
You see here a sling bullet.
You see here 2 sling bullets.
Okay, then.
Dowan closely misses you.
You closely miss Dowan.
Dowan is moderately wounded.
Dowan gestures wildly while chanting.
Dowan blinks!
You hit Dowan.
Dowan is moderately wounded.
Dowan casts a spell.
Dowan blinks!
You see here a sling bullet.
You whack Dowan!
Dowan is severely wounded.
Dowan mumbles some strange words.
Dowan blinks!
Dowan casts a spell at you. The stone arrow hits you!
* * * LOW HITPOINT WARNING * * *
You see here 2 sling bullets.
You miss Dowan.
Dowan is severely wounded.
Dowan hits you but does no damage.
You closely miss Dowan.
Dowan is severely wounded.
Dowan hits you but does no damage. You block Dowan's attack.
Your shield and scale mail prevent you from hitting Dowan.
Dowan is severely wounded.
You block Dowan's attack.
You closely miss Dowan.
Dowan is severely wounded.
Dowan hits you with a dagger.
You die...

### #.######### * * #.......... ,
#.########## ** * #((.@e.)...#
####################.### **
###...........#### #....# ..
.##..............####....##......
.................+.......##......
.................###.#'####......
.....>...........................
.####................##..........
## #................##...8.8.8..


You could see Dowan.

Vanquished Creatures
  Duvessa (D:4)
  A black bear (D:3)
  2 ogres (D:4)
  A phantom (D:4)
  A hound (D:4)
  An iguana (D:4)
  A worker ant (D:4)
  8 adders
  3 gnolls (D:4)
  An ooze (D:4)
  3 worms
  A leopard gecko (D:1)
  4 giant cockroaches
  6 goblins
  9 hobgoblins
  8 jackals
  3 quokkas
  3 ball pythons
  7 bats
  5 frilled lizards
  9 kobolds
  A quokka skeleton (D:2)
  8 rats
87 creatures vanquished.

Notes
Turn   | Place    | Note
-------+----------+-------------------------------------------
     0 | D:1      | sankara the Hill Orc Fighter began the quest for the Orb.
     0 | D:1      | Reached XP level 1. HP: 19/19 MP: 1/1
   248 | D:1      | Reached XP level 2. HP: 20/26 MP: 2/2
   344 | D:1      | Reached skill level 3 in Maces & Flails
   930 | D:1      | Reached XP level 3. HP: 31/31 MP: 3/3
  1274 | D:2      | Reached skill level 4 in Maces & Flails
  1602 | D:2      | Reached XP level 4. HP: 39/39 MP: 4/4
  1721 | D:2      | Found a sparkling altar of Nemelex Xobeh.
  1992 | D:2      | Reached skill level 5 in Maces & Flails
  2448 | D:3      | Noticed a black bear
  2467 | D:3      | Killed a black bear
  2467 | D:3      | Reached skill level 6 in Maces & Flails
  2467 | D:3      | Reached XP level 5. HP: 26/45 MP: 5/5
  2489 | D:3      | Found an opulent altar of Gozag.
  2624 | D:3      | Found a sacrificial altar of Ru.
  2792 | D:3      | Found a faded altar of an unknown god.
  2992 | D:4      | Reached XP level 6. HP: 51/51 MP: 6/6
  3096 | D:4      | Reached skill level 7 in Maces & Flails
  3101 | D:4      | Gained mutation: You have large cloven feet. [potion of mutation]
  3101 | D:4      | Gained mutation: You expend magic power (3 MP) to strengthen your wands. [potion of mutation]
  3101 | D:4      | Gained mutation: You passively map a small area around you. [potion of mutation]
  3150 | D:4      | Reached skill level 8 in Maces & Flails
  3150 | D:4      | Reached XP level 7. HP: 29/57 MP: 7/7
  3269 | D:4      | HP: 13/57 [gnoll/spear (4)]
  3665 | D:4      | Found a staircase to the Ecumenical Temple.
  3686 | Temple   | Entered the Ecumenical Temple
  4259 | D:4      | Found a shimmering altar of Xom.
  4553 | D:4      | Noticed Duvessa
  4554 | D:4      | Noticed Dowan
  4591 | D:4      | Killed Duvessa
  4591 | D:4      | Reached skill level 9 in Maces & Flails
  4593 | D:4      | HP: 8/57 [Dowan/stone arrow (10)]
  4608 | D:4      | HP: 1/57 [Dowan/stone arrow (9)]
  4613 | D:4      | Slain by Dowan

Vault maps used:
D:1:      grunt_arrival_crossed_arrows, serial_forest,
          infiniplex_forest_straight_2, infiniplex_forest_end_double,
          infiniplex_forest_pool, infiniplex_forest_clump_curved,
          infiniplex_forest_clump_small, infiniplex_forest_straight_4,
          infiniplex_forest_lined_3, corexii_leaking_fountain
D:2:      nemelex_xobeh_ov_fountains_minmay
D:3:      nicolae_gozag_cash_rules_everything_around_me,
          lemuel_coloured_pillars_altar, chequers_ecumenical_altar_island,
          minmay_goblin_kobold_house
D:4:      minmay_temple_entry_statues_fountains, hangedman_decor_points,
          brannock_xom_greatest_gift, uniq_duvessa
Temple:   dpeg_chambers_temple

Skill      XL: |  1  2  3  4  5  6  7 |
---------------+----------------------+-----
Maces & Flails | 3 4 6 8 9 |  9.3
Fighting       | |  3.6
Armour         | |  3.2
Shields        | |  3.2

Action                   |  1- 3 |  4- 6 |  7- 9 || total
-------------------------+-------+-------+-------++-------
Melee: Flail             |   152 |    17 |       ||   169
       Whip              |       |   180 |    78 ||   258
 Fire: Hunting sling     |       |    20 |    52 ||    72
  Use: Scroll            |       |     5 |     1 ||     6
       Potion            |       |     6 |       ||     6
  Eat: Chunk             |     2 |     7 |    18 ||    27
Armor: Scale mail        |    95 |    68 |    21 ||   184
Dodge: Dodged            |    62 |    55 |    18 ||   135
Block: Shield            |    64 |    83 |    27 ||   174

Table legend:
 A = Spawn XP
 B = Non-spawn XP
 C = Spawn XP percentage of total XP
 D = Spawn monster count
 E = Non-spawn monster count
 F = Spawn count percentage of total count
 G = Total turns spent on level
                    A         B        C        D         E        F      G
               +---------+---------+-------+---------+---------+-------+---------
         Total |       0 |    1032 |   0.0 |       0 |      87 |   0.0 |  4613
               +---------+---------+-------+---------+---------+-------+---------
           D:1 |       0 |      36 |   0.0 |       0 |      23 |   0.0 |  1174
           D:2 |       0 |      79 |   0.0 |       0 |      18 |   0.0 |   969
           D:3 |       0 |     192 |   0.0 |       0 |      22 |   0.0 |   832
           D:4 |       0 |     725 |   0.0 |       0 |      24 |   0.0 |  1352
               +---------+---------+-------+---------+---------+-------+---------

Vault maps used:
D:1:      grunt_arrival_crossed_arrows, serial_forest,
          infiniplex_forest_straight_2, infiniplex_forest_end_double,
          infiniplex_forest_pool, infiniplex_forest_clump_curved,
          infiniplex_forest_clump_small, infiniplex_forest_straight_4,
          infiniplex_forest_lined_3, corexii_leaking_fountain
D:2:      nemelex_xobeh_ov_fountains_minmay
D:3:      nicolae_gozag_cash_rules_everything_around_me,
          lemuel_coloured_pillars_altar, chequers_ecumenical_altar_island,
          minmay_goblin_kobold_house
D:4:      minmay_temple_entry_statues_fountains, hangedman_decor_points,
          brannock_xom_greatest_gift, uniq_duvessa
Temple:   dpeg_chambers_temple

Table legend:
 A = Turns spent in this place as a percentage of turns spent in the entire game.
 B = Non-inter-level travel turns spent in this place as a percentage of non-inter-level travel turns spent in the entire game.
 C = Inter-level travel turns spent in this place as a percentage of turns spent in this place.
 D = Turns resting spent in this place as a percentage of non-inter-level travel turns spent in this place.
 E = Turns spent auto-exploring this place as a percentage of non-inter-level travel turns spent in this place.
 F = Non-inter-level travel turns spent in this place divided by the number of levels of this place that you've seen.
                   A       B       C       D       E      F
               +-------+-------+-------+-------+-------+----------------------
         Total | 100.0 | 100.0 |   2.2 |  19.6 |  56.7 | 902.0
       Dungeon |  93.8 |  94.5 |   1.5 |  20.8 |  54.9 | 1066.0
        Temple |   6.2 |   5.5 |  14.0 |   0.0 |  88.2 | 246.0
               +-------+-------+-------+-------+-------+----------------------

Table legend:
 A = Kills in this place as a percentage of kills in entire the game.
 B = Kills by you in this place as a percentage of kills by you in the entire game.
 C = Kills by friends in this place as a percentage of kills by friends in the entire game.
 D = Other kills in this place as a percentage of other kills in the entire game.
 E = Experience gained in this place as a percentage of experience gained in the entire game.
 F = Experience gained in this place divided by the number of levels of this place that you have seen.
                   A       B       C       D       E      F
               +-------+-------+-------+-------+-------+----------------------
         Total | 100.0 | 100.0 |   N/A |   N/A | 100.0 | 206.4
       Dungeon | 100.0 | 100.0 |   N/A |   N/A | 100.0 | 258.0
               +-------+-------+-------+-------+-------+----------------------
